 Dungeon Crawl Stone Soup version 0.20.0-6-gd3061e9 (webtiles) character file.

102 Gorglomux the Digger (level 4, -3/30 HPs)
             Began as a Barachi Earth Elementalist on May 28, 2017.
             Killed from afar by an orc wizard (7 damage)
             ... with a magic dart
             ... on level 3 of the Dungeon.
             The game lasted 00:04:49 (3252 turns).

Gorglomux the Digger (Barachi Earth Elementalist)   Turns: 3252, Time: 00:04:50

Health: -3/30      AC:  2    Str: 10    XL:     4   Next: 78%
Magic:  0/9        EV: 12    Int: 16    God:
Gold:   135        SH:  0    Dex: 12    Spells: 6/10 levels left

rFire    . . .     SeeInvis .   z - +0 rapier
rCold    . . .     Gourm    .   (no shield)
rNeg     . . .     Faith    +   c - +0 robe
rPois    .         Spirit   .   (no helmet)
rElec    .         Reflect  .   (no cloak)
rCorr    .         Harm     .   (no gloves)
MR       .....                  (no boots)
Stlth    +.........             g - amulet of faith (curse)
Regen    0.1/turn               l - ring of loudness (curse)
MPRegen  0.2/turn               (no ring)

@: can't hop, flying, very slightly contaminated, slow
A: +LOS, swims, slowness 1, strong legs 1
a: Hop


You were on level 3 of the Dungeon.
You were not hungry.

You visited 1 branch of the dungeon, and saw 3 of its levels.

You collected 135 gold pieces.

Inventory:

Hand Weapons
 j - a +0 dagger
 z - a +0 rapier (weapon)
Missiles
 b - 99 stones (quivered)
Armour
 c - a +0 robe (worn)
Jewellery
 g - a cursed amulet of faith (around neck)
 l - a cursed ring of loudness (left hand)
 m - an uncursed amulet of guardian spirit {unknown}
Scrolls
 p - 3 scrolls of identify {unknown}
 q - 3 scrolls of amnesia {unknown}
 u - a scroll of teleportation {unknown}
 x - a scroll of recharging {unknown}
 y - a scroll of remove curse {unknown}
 B - a scroll of enchant weapon {unknown}
Potions
 k - a potion of heal wounds
 n - a potion of flight
 o - a potion of ambrosia {unknown}
 s - a potion of magic {unknown}
 v - a potion of lignification {unknown}
 w - a potion of mutation {unknown}
Books
 e - a book of Geomancy

   Spells                             Type                      Level
   a - Sandblast                      Earth                        1
   b - Passwall                       Transmutation/Earth          2
   c - Stone Arrow                    Conjuration/Earth            3
   d - Petrify                        Transmutation/Earth          4
   e - Lee's Rapid Deconstruction     Earth                        5
 r - a book of Cantrips

   Spells                             Type                      Level
   a - Confusing Touch                Hexes                        1
   b - Animate Skeleton               Necromancy                   1
   c - Summon Small Mammal            Summoning                    1
   d - Apportation                    Translocation                1
Comestibles
 d - 2 bread rations
 A - 2 chunks of flesh


   Skills:
 - Level 2.1 Dodging
 - Level 1.7 Stealth
 + Level 3.7 Spellcasting
 + Level 1.6 Conjurations
   Level 1.1 Transmutations
 + Level 3.9 Earth Magic


You had 6 spell levels left.
You knew the following spells:

 Your Spells              Type           Power        Failure   Level  Hunger
a - Sandblast             Erth           ###...       3%          1    None
b - Stone Arrow           Conj/Erth      ##....       16%         3    ###....


Dungeon Overview and Level Annotations

Branches:
Dungeon (3/15)

Altars:
Fedhas
Gozag
The Shining One


Innate Abilities, Weirdness & Mutations

Shadows flee at your approach. (+LOS)
You can swim through water.
You cover ground slowly.
You can hop short distances.


Message History

Deactivating autopickup; reactivate with Ctrl-A.
Unknown command.
You closely miss something. Something hits you but does no damage.
You hear some strange, mumbled words.
A puff of flame appears from out of thin air!
The puff of flame hits you!
* * * LOW HITPOINT WARNING * * *
Unknown command.
Hop to where?
Press: ? - help, Dir - move target cursor Boing!
You hear some strange, mumbled words.
A puff of flame appears from out of thin air!
The puff of flame hits you!
* * * LOW HITPOINT WARNING * * *
Unknown command.
Unknown command.
A magic dart appears from out of thin air!
The magic dart hits you!
You die...

..##..# #.# #.#.[......#
..##..###.#####.#..#.#.#####
..'.o.o.........#..#.#.....#
..#######.#........#.#####.#
..##.# #.#.#####.##.#####.#
..##.# #.#.# #.......##.#
..##.####.#.# #..#..#.##.#
..##...##.#.#####..##.#.##.#
######.##)#.)o..@.....#.##.#
####.##.#############.##.#
##....##.....>.........##.#
#....####################.#
#....# #.# #....# #.# #....#
#.# #....# #.# #....# #.#


You could see an orc.

Vanquished Creatures
  5 adders
  A worm (D:2)
  2 dart slugs
  A leopard gecko (D:1)
  3 orcs (D:3)
  A ball python (D:3)
  11 bats
  2 giant cockroaches (D:3)
  4 hobgoblins
  A frilled lizard (D:2)
  9 goblins
  3 kobolds
  8 rats
51 creatures vanquished.

Notes
Turn   | Place    | Note
-------+----------+-------------------------------------------
     0 | D:1      | Gorglomux the Barachi Earth Elementalist began the quest for the Orb.
     0 | D:1      | Reached XP level 1. HP: 13/13 MP: 3/3
   298 | D:1      | Reached XP level 2. HP: 16/19 MP: 3/5
  1151 | D:1      | Reached skill level 3 in Spellcasting
  1206 | D:2      | Reached XP level 3. HP: 22/24 MP: 4/7
  1211 | D:2      | Learned a level 3 spell: Stone Arrow
  1434 | D:2      | Found a blossoming altar of Fedhas.
  2000 | D:2      | Found an opulent altar of Gozag.
  2486 | D:3      | Found a glowing golden altar of the Shining One.
  2529 | D:3      | Reached XP level 4. HP: 30/30 MP: 2/9
  2823 | D:3      | Reached skill level 1 in Conjurations
  3252 | D:3      | Killed from afar by an orc wizard

Skill      XL: |  1  2  3  4 |
---------------+-------------+-----
Spellcasting   | 3 |  3.7
Conjurations   | 1 |  1.6
Dodging        | |  2.1
Stealth        | |  1.7
Transmutations | |  1.1
Earth Magic    | |  3.9

Action                   |  1- 3 |  4- 6 || total
-------------------------+-------+-------++-------
Melee: Unarmed           |    74 |       ||    74
       Dagger            |    82 |       ||    82
       Rapier            |     4 |    50 ||    54
 Cast: Sandblast         |    15 |     6 ||    21
       Stone Arrow       |     7 |     6 ||    13
 Abil: Hop               |     3 |     4 ||     7
  Use: Scroll            |     1 |       ||     1
       Potion            |       |     3 ||     3
 Stab: Sleeping          |     3 |       ||     3
  Eat: Chunk             |     7 |     3 ||    10
Armor: Robe              |    64 |    16 ||    80
Dodge: Dodged            |   141 |    44 ||   185
